TOP OF THE 1ST |
San Jose Missions batting - Pitching for Las Vegas Stars : RHP Mike Stabler
|
Pitching: RHP Mike Stabler
|
|
Batting: RHB Jorge Comacho
|
0-0: Ground out 5-3 (Groundball, 56)
|
Batting: RHB Joe Broadhead
|
0-0: DOUBLE (Line Drive, 7LM)
|
Batting: LHB Miguel Montés
|
0-0: Called Strike 0-1: Foul Ball, location: 2F 0-2: Ball 1-2: Ball 2-2: 2-RUN HOME RUN (Flyball, 89XD), Distance : 420 ft
|
Batting: RHB Armando López
|
0-0: Called Strike 0-1: Ball 1-1: Swinging Strike 1-2: Ball 2-2: Ball 3-2: Foul Ball, location: 2F 3-2: Foul Ball, location: 2F 3-2: Strikes out swinging
|
Batting: LHB John Foster
|
0-0: Ball 1-0: Called Strike 1-1: SINGLE (Groundball, 4M)
|
Batting: RHB Javier Ramírez
|
0-0: Ball 1-0: Called Strike 1-1: Ball 2-1: TRIPLE (Flyball, 8RXD) John Foster scores
|
Batting: RHB Madidou El Sayed
|
0-0: Foul Ball, location: 2F 0-1: SINGLE (Line Drive, 34) Javier Ramírez scores
|
Batting: RHB Bobby Brewster
|
0-0: Ball 1-0: Ball 2-0: Fly out, F5 (Popup, 5F)
|
Top of the 1st over - 4 run(s), 5 hit(s), 0 error(s), 1 left on base; San Jose 4 - Las Vegas 0 |
BOTTOM OF THE 1ST |
Las Vegas Stars batting - Pitching for San Jose Missions : RHP José Reyes
|
Pitching: RHP José Reyes
|
|
Batting: RHB Ryan Campbell
|
0-0: Ball 1-0: Swinging Strike 1-1: Ball 2-1: Swinging Strike 2-2: Ball 3-2: Base on Balls
|
Batting: RHB Kelly Jones
|
0-0: Ball 1-0: Fielders Choice at 2nd, 1-4 (Groundball, 13S)
|
Batting: LHB Eliot Helen
|
0-0: Ball 1-0: Ball 2-0: Ball 3-0: Called Strike 3-1: Base on Balls Kelly Jones to second
|
Batting: LHB Fernando De La Cruz
|
0-0: Ball Kelly Jones is caught stealing 3rd base Eliot Helen to second 1-0: Ball 2-0: Called Strike 2-1: Swinging Strike 2-2: Foul Ball, location: 2F 2-2: Ball 3-2: Ground out 3-1 (Groundball, 34S)
|
Bottom of the 1st over - 0 run(s), 0 hit(s), 0 error(s), 1 left on base; San Jose 4 - Las Vegas 0 |
TOP OF THE 2ND |
San Jose Missions batting - Pitching for Las Vegas Stars : RHP Mike Stabler
|
Batting: RHB Elliott Rucker
|
0-0: Ball 1-0: Called Strike 1-1: Ball 2-1: Ground out 6-3 (Groundball, 56)
|
Batting: RHB Jorge Comacho
|
0-0: Ball 1-0: SINGLE (Line Drive, 9LM)
|
Batting: RHB Joe Broadhead
|
0-0: Grounds into double play, 6-4-3 (Groundball, 6)
|
Top of the 2nd over - 0 run(s), 1 hit(s), 0 error(s), 0 left on base; San Jose 4 - Las Vegas 0 |
BOTTOM OF THE 2ND |
Las Vegas Stars batting - Pitching for San Jose Missions : RHP José Reyes
|
Batting: RHB Ron Shelton
|
0-0: Called Strike 0-1: Foul Ball, location: 2F 0-2: Strikes out swinging
|
Batting: LHB Parker Marshall
|
0-0: Ball 1-0: Called Strike 1-1: Swinging Strike 1-2: Foul Ball, location: 2F 1-2: Ball 2-2: Strikes out swinging
|
Batting: LHB Evan Slootweg
|
0-0: Swinging Strike 0-1: Called Strike 0-2: Ball 1-2: Foul Ball, location: 2F 1-2: Strikes out swinging
|
Bottom of the 2nd over - 0 run(s), 0 hit(s), 0 error(s), 0 left on base; San Jose 4 - Las Vegas 0 |
TOP OF THE 3RD |
San Jose Missions batting - Pitching for Las Vegas Stars : RHP Mike Stabler
|
Batting: LHB Miguel Montés
|
0-0: Ball 1-0: Ground out U3 (Groundball, 3L)
|
Batting: RHB Armando López
|
0-0: Ball 1-0: Called Strike 1-1: Foul Ball, location: 2F 1-2: Ball 2-2: Ball 3-2: Ground out 6-3 (Groundball, 4M)
|
Batting: LHB John Foster
|
0-0: Foul Ball, location: 2F 0-1: Ground out 2-3 (Groundball, 2R)
|
Top of the 3rd over - 0 run(s), 0 hit(s), 0 error(s), 0 left on base; San Jose 4 - Las Vegas 0 |
BOTTOM OF THE 3RD |
Las Vegas Stars batting - Pitching for San Jose Missions : RHP José Reyes
|
Batting: RHB José Zúñiga
|
0-0: Ball 1-0: Ball 2-0: Called Strike 2-1: Foul Ball, location: 2F 2-2: Ball 3-2: Strikes out swinging
|
Batting: RHB Bud Major
|
0-0: Ground out 6-3 (Groundball, 6)
|
Batting: RHB Ryan Campbell
|
0-0: Swinging Strike 0-1: Ground out 6-3 (Groundball, 56)
|
Bottom of the 3rd over - 0 run(s), 0 hit(s), 0 error(s), 0 left on base; San Jose 4 - Las Vegas 0 |
TOP OF THE 4TH |
San Jose Missions batting - Pitching for Las Vegas Stars : RHP Mike Stabler
|
Batting: RHB Javier Ramírez
|
0-0: Called Strike 0-1: Ball 1-1: SINGLE (Line Drive, 78S)
|
Batting: RHB Madidou El Sayed
|
0-0: Called Strike 0-1: Ball 1-1: Called Strike 1-2: Ball 2-2: Strikes out swinging
|
Batting: RHB Bobby Brewster
|
0-0: Ball 1-0: Called Strike Javier Ramírez is caught stealing 2nd base 1-1: Called Strike 1-2: Foul Ball, location: 2F 1-2: Foul Ball, location: 2F 1-2: Fly out, F9 (Flyball, 89M)
|
Top of the 4th over - 0 run(s), 1 hit(s), 0 error(s), 0 left on base; San Jose 4 - Las Vegas 0 |
BOTTOM OF THE 4TH |
Las Vegas Stars batting - Pitching for San Jose Missions : RHP José Reyes
|
Batting: RHB Kelly Jones
|
0-0: Ball 1-0: Called Strike 1-1: Called Strike 1-2: Ball 2-2: Foul Ball, location: 2F 2-2: Strikes out swinging
|
Batting: LHB Eliot Helen
|
0-0: Ball 1-0: Ground out 4-3 (Groundball, 13)
|
Batting: LHB Fernando De La Cruz
|
0-0: Called Strike 0-1: Called Strike 0-2: Strikes out swinging
|
Bottom of the 4th over - 0 run(s), 0 hit(s), 0 error(s), 0 left on base; San Jose 4 - Las Vegas 0 |
TOP OF THE 5TH |
San Jose Missions batting - Pitching for Las Vegas Stars : RHP Mike Stabler
|
Batting: RHB Elliott Rucker
|
0-0: Called Strike 0-1: Foul Ball, location: 2F 0-2: Ball 1-2: SINGLE (Groundball, 5D)
|
Batting: RHB Jorge Comacho
|
0-0: Ball 1-0: Grounds into double play, 6-4-3 (Groundball, 6M)
|
Batting: RHB Joe Broadhead
|
0-0: Foul Ball, location: 2F 0-1: Foul Ball, location: 2F 0-2: Ball 1-2: SINGLE (Groundball, 34S)
|
Pitching: RHP Fred Ellis
|
|
Batting: LHB Miguel Montés
|
0-0: Fly out, F8 (Flyball, 8LD)
|
Top of the 5th over - 0 run(s), 2 hit(s), 0 error(s), 1 left on base; San Jose 4 - Las Vegas 0 |
BOTTOM OF THE 5TH |
Las Vegas Stars batting - Pitching for San Jose Missions : RHP José Reyes
|
Batting: RHB Ron Shelton
|
0-0: Ball 1-0: Ball 2-0: Called Strike 2-1: Ball 3-1: Called Strike 3-2: Fly out, F3 (Popup, 3F)
|
Batting: LHB Parker Marshall
|
0-0: Foul Ball, location: 2F 0-1: Reached on error, E6 (Groundball, 6MS)
|
Batting: LHB Evan Slootweg
|
0-0: Ground out 1-3 (Groundball, 13) Parker Marshall to third
|
Batting: RHB José Zúñiga
|
0-0: Ball 1-0: Ball 2-0: Called Strike 2-1: DOUBLE (Groundball, 3L) Parker Marshall scores
|
Batting: RHB Bud Major
|
0-0: Swinging Strike 0-1: Swinging Strike 0-2: DOUBLE (Groundball, 3D) José Zúñiga scores
|
Batting: RHB Ryan Campbell
|
0-0: Ball 1-0: Ball 2-0: Swinging Strike 2-1: Ball 3-1: Foul Ball, location: 2F 3-2: Fly out, F8 (Flyball, 8LS)
|
Bottom of the 5th over - 2 run(s), 2 hit(s), 1 error(s), 1 left on base; San Jose 4 - Las Vegas 2 |
TOP OF THE 6TH |
San Jose Missions batting - Pitching for Las Vegas Stars : RHP Fred Ellis
|
Batting: RHB Armando López
|
0-0: Swinging Strike 0-1: Ball 1-1: Ball 2-1: Ball 3-1: Base on Balls
|
Batting: LHB John Foster
|
0-0: Ball 1-0: Called Strike 1-1: Ball 2-1: Ball 3-1: Foul Ball, location: 2F 3-2: SINGLE (Groundball, 34D) Armando López to second Runner from 2nd tries for 3rd, SAFE, throw made to third
|
Batting: RHB Javier Ramírez
|
0-0: Grounds out, U3 (Groundball, 3L) Armando López scores
|
Batting: RHB Madidou El Sayed
|
0-0: Ball 1-0: Called Strike 1-1: Foul Ball, location: 2F 1-2: Foul Ball, location: 2F 1-2: Foul Ball, location: 2F 1-2: Ball 2-2: SINGLE (Line Drive, 6) John Foster to third Runner from 3rd tries for Home, SAFE, throw made home Madidou El Sayed to second
|
Batting: RHB Bobby Brewster
|
0-0: Intentional Walk
|
Batting: RHB Elliott Rucker
|
0-0: Ball 1-0: Foul Ball, location: 2F 1-1: Swinging Strike 1-2: Strikes out swinging
|
Batting: RHB Jorge Comacho
|
0-0: Ball 1-0: Fly out, F7 (Flyball, 78S)
|
Top of the 6th over - 2 run(s), 2 hit(s), 0 error(s), 2 left on base; San Jose 6 - Las Vegas 2 |
BOTTOM OF THE 6TH |
Las Vegas Stars batting - Pitching for San Jose Missions : RHP José Reyes
|
Batting: RHB Kelly Jones
|
0-0: Ball 1-0: Ball 2-0: Ground out 6-3 (Groundball, 6M)
|
Batting: LHB Eliot Helen
|
0-0: Called Strike 0-1: SINGLE (Groundball, 4M)
|
Batting: LHB Fernando De La Cruz
|
0-0: Called Strike 0-1: Fly out, F7 (Flyball, 78M)
|
Batting: RHB Ron Shelton
|
0-0: Foul Ball, location: 2F 0-1: Foul Ball, location: 2F 0-2: Foul Ball, location: 2F 0-2: Ball 1-2: Fielders Choice at 2nd, U4 (Groundball, 4M)
|
Bottom of the 6th over - 0 run(s), 1 hit(s), 0 error(s), 1 left on base; San Jose 6 - Las Vegas 2 |
TOP OF THE 7TH |
San Jose Missions batting - Pitching for Las Vegas Stars : RHP Fred Ellis
|
Batting: RHB Joe Broadhead
|
0-0: Ball 1-0: Foul Ball, location: 2F 1-1: Swinging Strike 1-2: Strikes out swinging
|
Batting: LHB Miguel Montés
|
0-0: Ball 1-0: Fly out, F9 (Flyball, 89D)
|
Batting: RHB Armando López
|
0-0: Ball 1-0: Called Strike 1-1: Ball 2-1: Ball 3-1: Base on Balls
|
Batting: LHB John Foster
|
Pickoff Throw to First - Error! E1 Armando López to second 0-0: Ball 1-0: Ball 2-0: Ball 3-0: Base on Balls
|
Batting: RHB Javier Ramírez
|
0-0: Hit by Pitch Armando López to third John Foster to second
|
Batting: RHB Madidou El Sayed
|
0-0: Called Strike 0-1: Ball 1-1: Foul Ball, location: 2F 1-2: Ball 2-2: Strikes out swinging
|
Top of the 7th over - 0 run(s), 0 hit(s), 1 error(s), 3 left on base; San Jose 6 - Las Vegas 2 |
BOTTOM OF THE 7TH |
Las Vegas Stars batting - Pitching for San Jose Missions : RHP José Reyes
|
Batting: LHB Parker Marshall
|
0-0: Ball 1-0: Ball 2-0: Called Strike 2-1: Swinging Strike 2-2: Strikes out swinging
|
Batting: LHB Evan Slootweg
|
0-0: Foul Ball, location: 2F 0-1: Ball 1-1: Ball 2-1: Called Strike 2-2: Fly out, F4 (Line Drive, 4)
|
Batting: RHB José Zúñiga
|
0-0: Ball 1-0: Ball 2-0: Foul Ball, location: 2F 2-1: Ball 3-1: Base on Balls
|
Pitching: RHP Danny Wheeler
|
|
Batting: RHB Bud Major
|
0-0: Ball 1-0: Swinging Strike 1-1: Ball 2-1: Fly out, F7 (Line Drive, 7M)
|
Bottom of the 7th over - 0 run(s), 0 hit(s), 0 error(s), 1 left on base; San Jose 6 - Las Vegas 2 |
TOP OF THE 8TH |
San Jose Missions batting - Pitching for Las Vegas Stars : RHP Fred Ellis
|
Pitching: RHP Oliver Donahue
|
|
Batting: RHB Bobby Brewster
|
0-0: Fly out, F8 (Line Drive, 8RS)
|
Batting: RHB Elliott Rucker
|
0-0: Ball 1-0: Foul Ball, location: 2F 1-1: Called Strike 1-2: Strikes out swinging
|
Batting: RHB Jorge Comacho
|
0-0: Ground out 6-3 (Groundball, 6D)
|
Top of the 8th over - 0 run(s), 0 hit(s), 0 error(s), 0 left on base; San Jose 6 - Las Vegas 2 |
BOTTOM OF THE 8TH |
Las Vegas Stars batting - Pitching for San Jose Missions : RHP Danny Wheeler
|
Batting: RHB Ryan Campbell
|
0-0: Ball 1-0: Swinging Strike 1-1: Foul Ball, location: 2F 1-2: Foul Ball, location: 2F 1-2: Foul Ball, location: 2F 1-2: Strikes out swinging
|
Batting: RHB Kelly Jones
|
0-0: Ball 1-0: Foul Ball, location: 2F 1-1: Ball 2-1: Foul Ball, location: 2F 2-2: Strikes out swinging
|
Batting: LHB Eliot Helen
|
0-0: Called Strike 0-1: Ball 1-1: SINGLE (Line Drive, 8RS)
|
Batting: LHB Fernando De La Cruz
|
0-0: Ball 1-0: Ball 2-0: Ball 3-0: Base on Balls Eliot Helen to second
|
Pitching: RHP Jeff Campbell
|
|
Batting: RHB Ron Shelton
|
0-0: Called Strike 0-1: Swinging Strike 0-2: Ball 1-2: Ball 2-2: Ball 3-2: Base on Balls Eliot Helen to third Fernando De La Cruz to second
|
Batting: LHB Parker Marshall
|
0-0: Ground out 6-3 (Groundball, 6)
|
Bottom of the 8th over - 0 run(s), 1 hit(s), 0 error(s), 3 left on base; San Jose 6 - Las Vegas 2 |
TOP OF THE 9TH |
San Jose Missions batting - Pitching for Las Vegas Stars : RHP Oliver Donahue
|
Batting: RHB Joe Broadhead
|
0-0: Ball 1-0: Ground out 6-3 (Groundball, 6M)
|
Batting: LHB Miguel Montés
|
0-0: Ground out 4-3 (Groundball, 4MS)
|
Batting: RHB Armando López
|
0-0: Ball 1-0: Foul Ball, location: 2F 1-1: Fly out, F8 (Flyball, 8LD)
|
Top of the 9th over - 0 run(s), 0 hit(s), 0 error(s), 0 left on base; San Jose 6 - Las Vegas 2 |
BOTTOM OF THE 9TH |
Las Vegas Stars batting - Pitching for San Jose Missions : RHP Jeff Campbell
|
Batting: LHB Evan Slootweg
|
0-0: Called Strike 0-1: Called Strike 0-2: Ball 1-2: Ground out 4-3 (Groundball, 4)
|
Batting: RHB José Zúñiga
|
0-0: Called Strike 0-1: Ball 1-1: Called Strike 1-2: Ball 2-2: Ball 3-2: Base on Balls
|
Batting: RHB Bud Major
|
0-0: Called Strike 0-1: Ball 1-1: Swinging Strike 1-2: Fly out, F8 (Line Drive, 8RM)
|
Batting: RHB Ryan Campbell
|
0-0: Ball 1-0: Called Strike 1-1: Foul Ball, location: 2F 1-2: Strikes out swinging
|
Bottom of the 9th over - 0 run(s), 0 hit(s), 0 error(s), 1 left on base; San Jose 6 - Las Vegas 2 |
|